General information
- name: BNet
- type: Ladder team game (AT/RT)
- host: Battle.net
- saver: farm
map: Deadlands
- players: 8
- length: 31:05
- speed: Fast
- version: 1.27 W3XP
- replay type: Public
» download(177 KB)
Players
team 1 (loser)

»
XxWizardFacexX (
red | 60 APM | 903 actions | 15:07)
3 Death Knight
2 Death Coil
1 Unholy Aura
» actions
| Assign group hotkey | 16 | |
| Build / train | 38 | |
| Enter build submenu | 20 | |
| Enter hero's abilities submenu | 3 | |
| Give item / drop item | 1 | |
| Right click | 412 | |
| Select / deselect | 142 | |
| Select group hotkey | 238 | |
| Use ability | 33 | |
903 total
» units
| Acolyte | 7 | |
| Ghoul | 4 | |
| Crypt Fiend | 3 | |
| Frost Wyrm | 3 | |
17 total
» upgrades
| Web | 1 | |
| Burrow | 1 | |
| Creature Attack | 1 | |
| Creature Carapace | 1 | |
| Freezing Breath | 2 | |
6 total
» buildings
| Ziggurat | 6 | |
| Altar of Darkness | 1 | |
| Crypt | 1 | |
| Tomb of Relics | 2 | |
| Nerubian Tower | 1 | |
| Graveyard | 1 | |
| Halls of the Dead | 1 | |
| Black Citadel | 1 | |
| Sacrificial Pit | 1 | |
| Necropolis | 1 | |
| Boneyard | 2 | |
| Spirit Tower | 3 | |
21 total
» build order
00:23 Ziggurat
00:28 Altar of Darkness
00:55 Crypt
01:04 Ziggurat
01:15 Tomb of Relics
02:24 Nerubian Tower
03:15 Graveyard
03:26 Halls of the Dead
03:45 Ziggurat
05:06 Ziggurat
05:48 Black Citadel
06:07 Sacrificial Pit
07:28 Ziggurat
07:37 Necropolis
08:13 Boneyard
08:15 Boneyard
09:13 Tomb of Relics
09:15 Ziggurat
10:07 Spirit Tower
10:35 Spirit Tower
11:58 Spirit Tower
» items
| Rod of Necromancy | 1 | |
| Sacrificial Skull | 1 | |
| Scroll of Town Portal | 2 | |
| Orb of Corruption | 1 | |
5 total
Musky.Manatee (
pink | 53 APM | 933 actions | 17:29)
4 Crypt Lord
2 Carrion Beetles
2 Spiked Carapace
3 Death Knight
2 Death Coil
1 Unholy Aura
» actions
| Assign group hotkey | 17 | |
| Basic commands | 39 | |
| Build / train | 79 | |
| ESC pressed | 1 | |
| Enter build submenu | 21 | |
| Enter hero's abilities submenu | 7 | |
| Remove unit from queue | 1 | |
| Right click | 307 | |
| Select / deselect | 247 | |
| Select group hotkey | 156 | |
| Use ability | 58 | |
933 total
» units
| Acolyte | 14 | |
| Ghoul | 14 | |
| Frost Wyrm | 14 | |
| Crypt Fiend | 1 | |
| Necromancer | 6 | |
49 total
» upgrades
| Creature Attack | 2 | |
| Creature Carapace | 2 | |
4 total
» buildings
| Crypt | 1 | |
| Graveyard | 1 | |
| Altar of Darkness | 1 | |
| Ziggurat | 8 | |
| Tomb of Relics | 2 | |
| Halls of the Dead | 1 | |
| Necropolis | 1 | |
| Spirit Tower | 3 | |
| Black Citadel | 1 | |
| Sacrificial Pit | 1 | |
| Boneyard | 2 | |
22 total
» build order
00:08 Crypt
00:10 Graveyard
00:43 Altar of Darkness
00:57 Ziggurat
01:39 Tomb of Relics
01:53 Ziggurat
03:35 Halls of the Dead
05:04 Ziggurat
05:13 Ziggurat
05:27 Ziggurat
05:34 Necropolis
05:57 Spirit Tower
06:13 Spirit Tower
06:26 Spirit Tower
07:03 Black Citadel
07:25 Sacrificial Pit
09:43 Boneyard
10:06 Boneyard
10:30 Tomb of Relics
11:42 Ziggurat
13:41 Ziggurat
13:49 Ziggurat
» items
| Rod of Necromancy | 2 | |
| Sacrificial Skull | 1 | |
| Potion of Mana | 1 | |
| Scroll of Town Portal | 2 | |
6 total
obama-4-prison (
orange | 35 APM | 1101 actions | 31:04)
4 Goblin Tinker
2 Pocket Factory
2 Engineering Upgrade
» actions
| Assign group hotkey | 42 | |
| Basic commands | 9 | |
| Build / train | 46 | |
| Enter build submenu | 15 | |
| Enter hero's abilities submenu | 4 | |
| Remove unit from queue | 1 | |
| Right click | 458 | |
| Select / deselect | 219 | |
| Select group hotkey | 235 | |
| Use ability | 72 | |
1101 total
» units
| Peasant | 9 | |
| Sorceress | 3 | |
| Acolyte | 8 | |
| Frost Wyrm | 4 | |
| Goblin Zeppelin | 1 | |
25 total
» upgrades
» buildings
| Altar of Kings | 1 | |
| Farm | 6 | |
| Keep | 1 | |
| Arcane Sanctum | 1 | |
| Castle | 1 | |
| Ziggurat | 24 | |
| Spirit Tower | 5 | |
39 total
» build order
00:06 Altar of Kings
00:23 Farm
01:11 Farm
01:42 Farm
02:34 Farm
02:35 Keep
04:37 Farm
05:01 Arcane Sanctum
07:07 Castle
09:13 Farm
16:57 Ziggurat
16:58 Ziggurat
16:59 Ziggurat
17:08 Ziggurat
17:10 Ziggurat
17:13 Ziggurat
17:57 Ziggurat
17:57 Ziggurat
17:58 Ziggurat
17:58 Ziggurat
18:02 Ziggurat
18:07 Spirit Tower
18:29 Spirit Tower
18:37 Ziggurat
18:37 Ziggurat
18:38 Ziggurat
18:39 Ziggurat
18:58 Spirit Tower
18:58 Spirit Tower
19:00 Spirit Tower
21:20 Ziggurat
21:20 Ziggurat
21:20 Ziggurat
21:21 Ziggurat
21:21 Ziggurat
21:37 Ziggurat
21:38 Ziggurat
21:38 Ziggurat
21:38 Ziggurat
» items
| Staff of Teleportation | 1 | |
| Potion of Lesser Invulnerability | 2 | |
| Boots of Speed | 1 | |
| Potion of Invisibility | 2 | |
6 total
MachineFood (
green | 37 APM | 554 actions | 15:07)
3 Death Knight
2 Death Coil
1 Unholy Aura
1 Dreadlord
1 Vampiric Aura
» actions
| Build / train | 56 | |
| Enter build submenu | 19 | |
| Enter hero's abilities submenu | 4 | |
| Remove unit from queue | 2 | |
| Right click | 300 | |
| Select / deselect | 145 | |
| Use ability | 28 | |
554 total
» units
| Acolyte | 7 | |
| Ghoul | 5 | |
| Crypt Fiend | 6 | |
| Meatwagon | 2 | |
| Obsidian Statue | 4 | |
| Necromancer | 4 | |
| Abomination | 2 | |
30 total
» upgrades
| Unholy Armor | 2 | |
| Unholy Strength | 2 | |
| Exhume Corpses | 1 | |
| Skeletal Longevity | 1 | |
| Necromancer Training | 1 | |
| Disease Cloud | 1 | |
8 total
» buildings
| Altar of Darkness | 2 | |
| Ziggurat | 7 | |
| Crypt | 1 | |
| Graveyard | 1 | |
| Nerubian Tower | 3 | |
| Tomb of Relics | 1 | |
| Halls of the Dead | 1 | |
| Spirit Tower | 4 | |
| Temple of the Damned | 1 | |
| Slaughterhouse | 2 | |
| Black Citadel | 1 | |
24 total
» build order
00:27 Altar of Darkness
00:32 Altar of Darkness
00:39 Ziggurat
00:50 Crypt
01:17 Graveyard
01:43 Nerubian Tower
01:55 Ziggurat
03:04 Tomb of Relics
03:25 Ziggurat
06:54 Halls of the Dead
07:19 Ziggurat
07:49 Ziggurat
07:54 Ziggurat
09:30 Ziggurat
09:32 Nerubian Tower
09:34 Spirit Tower
10:38 Temple of the Damned
10:49 Slaughterhouse
10:54 Slaughterhouse
11:25 Black Citadel
11:33 Nerubian Tower
11:34 Spirit Tower
11:36 Spirit Tower
12:51 Spirit Tower
» items
team 2 (winner)

»
Commodus (
teal | 33 APM | 1017 actions | 31:04)
6 Crypt Lord
3 Carrion Beetles
2 Spiked Carapace
1 Locust Swarm
4 Dreadlord
3 Sleep
1 Vampiric Aura
» actions
| Basic commands | 18 | |
| Build / train | 70 | |
| Enter build submenu | 17 | |
| Enter hero's abilities submenu | 10 | |
| Give item / drop item | 1 | |
| Remove unit from queue | 9 | |
| Right click | 469 | |
| Select / deselect | 383 | |
| Use ability | 40 | |
1017 total
» units
| Acolyte | 8 | |
| Ghoul | 11 | |
| Crypt Fiend | 3 | |
| Gargoyle | 9 | |
31 total
» upgrades
| Cannibalize | 1 | |
| Creature Carapace | 2 | |
| Creature Attack | 1 | |
| Web | 1 | |
| Burrow | 1 | |
6 total
» buildings
| Ziggurat | 10 | |
| Crypt | 2 | |
| Altar of Darkness | 1 | |
| Graveyard | 1 | |
| Nerubian Tower | 1 | |
| Spirit Tower | 2 | |
| Halls of the Dead | 1 | |
| Tomb of Relics | 1 | |
| Black Citadel | 1 | |
| Sacrificial Pit | 1 | |
21 total
» build order
00:09 Ziggurat
00:11 Crypt
00:34 Altar of Darkness
00:55 Ziggurat
01:00 Crypt
01:52 Ziggurat
02:36 Graveyard
03:37 Ziggurat
06:04 Ziggurat
06:25 Ziggurat
09:11 Nerubian Tower
09:14 Ziggurat
09:16 Ziggurat
10:12 Spirit Tower
11:30 Halls of the Dead
13:41 Tomb of Relics
17:26 Black Citadel
17:32 Ziggurat
17:33 Ziggurat
18:47 Sacrificial Pit
20:53 Spirit Tower
» items
| Scroll of Town Portal | 3 | |
| Orb of Corruption | 1 | |
| Potion of Healing | 1 | |
| Orb of Fire | 1 | |
6 total
Ultimatium (
yellow | 46 APM | 1416 actions | 31:04)
5 Keeper of the Grove
3 Force of Nature
2 Entangling Roots
4 Beastmaster
2 Summon Quilbeast
2 Summon Hawk
» actions
| Assign group hotkey | 18 | |
| Basic commands | 70 | |
| Build / train | 98 | |
| Enter build submenu | 21 | |
| Enter hero's abilities submenu | 9 | |
| Give item / drop item | 1 | |
| Remove unit from queue | 2 | |
| Right click | 424 | |
| Select / deselect | 333 | |
| Select group hotkey | 300 | |
| Use ability | 140 | |
1416 total
» units
| Wisp | 20 | |
| Archer | 4 | |
| Druid of the Claw | 10 | |
| Druid of the Talon | 6 | |
| Hippogryph | 4 | |
44 total
» upgrades
| Reinforced Hides | 10 | |
| Druid of the Talon Training | 2 | |
| Druid of the Claw Training | 2 | |
| Strength of the Wild | 9 | |
| Mark of the Claw | 1 | |
| Nature's Blessing | 1 | |
| Well Spring | 1 | |
26 total
» buildings
| Moon Well | 8 | |
| Ancient of War | 1 | |
| Altar of Elders | 1 | |
| Tree of Ages | 2 | |
| Tree of Life | 4 | |
| Hunter's Hall | 1 | |
| Tree of Eternity | 1 | |
| Ancient of Wind | 2 | |
| Ancient of Lore | 2 | |
22 total
» build order
00:47 Moon Well
01:00 Ancient of War
01:18 Altar of Elders
01:48 Moon Well
04:10 Tree of Ages
04:14 Tree of Life
04:27 Hunter's Hall
06:39 Tree of Eternity
06:47 Ancient of Wind
06:48 Ancient of Wind
06:50 Ancient of Lore
06:51 Ancient of Lore
07:09 Moon Well
07:10 Moon Well
07:13 Moon Well
07:16 Moon Well
21:22 Tree of Life
22:13 Moon Well
22:14 Moon Well
22:58 Tree of Life
25:24 Tree of Ages
28:01 Tree of Life
» items
| Scroll of Town Portal | 1 | |
| Scroll of Protection | 1 | |
| Periapt of Vitality | 1 | |
3 total
farm (
blue | 103 APM | 3200 actions | 31:05)
4 Paladin
2 Holy Light
2 Divine Shield
» actions
| Assign group hotkey | 110 | |
| Basic commands | 338 | |
| Build / train | 141 | |
| ESC pressed | 2 | |
| Enter build submenu | 45 | |
| Enter hero's abilities submenu | 4 | |
| Give item / drop item | 4 | |
| Right click | 839 | |
| Select / deselect | 332 | |
| Select group hotkey | 1257 | |
| Use ability | 128 | |
3200 total
» units
| Peasant | 16 | |
| Footman | 8 | |
| Sorceress | 1 | |
| Gryphon Rider | 8 | |
| Dragonhawk Rider | 8 | |
| Goblin Sapper | 4 | |
45 total
» upgrades
| Masonry | 3 | |
| Swords | 3 | |
| Sorceress Training | 2 | |
| Armor | 4 | |
| Lumber Harvesting | 1 | |
| Animal War Training | 1 | |
| Cloud | 1 | |
15 total
» buildings
| Farm | 14 | |
| Altar of Kings | 1 | |
| Barracks | 1 | |
| Lumber Mill | 1 | |
| Arcane Vault | 2 | |
| Town Hall | 2 | |
| Scout Tower | 15 | |
| Keep | 3 | |
| Guard Tower | 42 | |
| Blacksmith | 1 | |
| Castle | 3 | |
| Arcane Sanctum | 1 | |
| Arcane Tower | 3 | |
| Workshop | 1 | |
| Gryphon Aviary | 3 | |
93 total
» build order
01:04 Farm
01:07 Altar of Kings
01:09 Barracks
01:13 Farm
01:21 Farm
01:48 Lumber Mill
02:29 Farm
02:41 Arcane Vault
04:13 Farm
04:48 Town Hall
04:50 Scout Tower
04:51 Scout Tower
04:53 Scout Tower
04:54 Scout Tower
05:36 Keep
05:36 Keep
05:36 Keep
05:51 Scout Tower
06:00 Guard Tower
06:00 Guard Tower
06:01 Guard Tower
06:01 Guard Tower
06:01 Guard Tower
06:01 Guard Tower
06:02 Guard Tower
06:02 Guard Tower
06:03 Guard Tower
06:26 Scout Tower
06:27 Guard Tower
06:27 Guard Tower
06:27 Guard Tower
06:37 Guard Tower
06:38 Guard Tower
06:38 Guard Tower
06:44 Arcane Vault
06:47 Scout Tower
06:50 Scout Tower
06:52 Guard Tower
06:52 Guard Tower
07:15 Blacksmith
07:38 Guard Tower
07:39 Guard Tower
07:39 Guard Tower
07:43 Scout Tower
07:50 Farm
07:55 Farm
08:11 Farm
08:15 Guard Tower
08:15 Guard Tower
08:16 Guard Tower
08:16 Guard Tower
08:18 Scout Tower
08:19 Scout Tower
08:20 Scout Tower
08:23 Scout Tower
08:31 Castle
08:32 Castle
08:32 Castle
08:35 Arcane Sanctum
08:46 Guard Tower
08:46 Guard Tower
08:52 Farm
09:36 Farm
10:29 Guard Tower
10:30 Guard Tower
10:30 Guard Tower
10:36 Arcane Tower
10:36 Arcane Tower
11:42 Farm
12:30 Workshop
12:34 Gryphon Aviary
12:35 Gryphon Aviary
13:20 Farm
17:29 Town Hall
17:51 Gryphon Aviary
18:37 Scout Tower
18:38 Scout Tower
19:09 Guard Tower
19:09 Guard Tower
19:09 Guard Tower
19:55 Farm
21:16 Farm
21:19 Guard Tower
21:19 Guard Tower
21:19 Guard Tower
» items
| Circlet of Nobility | 2 | |
| Periapt of Vitality | 1 | |
| Scroll of Regeneration | 1 | |
| Lesser Clarity Potion | 1 | |
| Scroll of Town Portal | 3 | |
| Staff of Teleportation | 1 | |
| Potion of Invisibility | 1 | |
| Orb of Corruption | 1 | |
11 total
jkjkhb785674 (
purple | 29 APM | 894 actions | 31:04)
6 Death Knight
3 Death Coil
2 Unholy Aura
1 Animate Dead
6 Lich
3 Frost Nova
2 Dark Ritual
1 Death and Decay
» actions
| Basic commands | 12 | |
| Build / train | 61 | |
| Enter build submenu | 23 | |
| Enter hero's abilities submenu | 12 | |
| Give item / drop item | 1 | |
| Right click | 412 | |
| Select / deselect | 297 | |
| Use ability | 76 | |
894 total
» units
| Acolyte | 12 | |
| Ghoul | 8 | |
| Crypt Fiend | 3 | |
| Obsidian Statue | 3 | |
| Goblin Zeppelin | 1 | |
| Goblin Shredder | 1 | |
| Frost Wyrm | 4 | |
32 total
» upgrades
| Web | 1 | |
| Creature Attack | 3 | |
| Creature Carapace | 2 | |
| Destroyer Form | 1 | |
| Freezing Breath | 1 | |
8 total
» buildings
| Ziggurat | 10 | |
| Crypt | 1 | |
| Graveyard | 1 | |
| Altar of Darkness | 1 | |
| Tomb of Relics | 1 | |
| Halls of the Dead | 1 | |
| Necropolis | 1 | |
| Black Citadel | 1 | |
| Slaughterhouse | 1 | |
| Sacrificial Pit | 1 | |
| Boneyard | 3 | |
22 total
» build order
00:08 Ziggurat
00:09 Crypt
00:49 Graveyard
01:01 Ziggurat
02:31 Altar of Darkness
03:03 Tomb of Relics
04:11 Halls of the Dead
04:24 Ziggurat
05:55 Necropolis
06:47 Black Citadel
06:56 Ziggurat
07:01 Ziggurat
07:22 Slaughterhouse
09:16 Ziggurat
10:25 Sacrificial Pit
11:38 Boneyard
12:34 Boneyard
13:06 Boneyard
16:09 Ziggurat
16:10 Ziggurat
16:12 Ziggurat
16:15 Ziggurat
» items
| Rod of Necromancy | 1 | |
| Boots of Speed | 1 | |
| Potion of Lesser Invulnerability | 1 | |
| Scroll of Town Portal | 2 | |
5 total
Chat log
(01:13 / All) Musky.Manatee: my team is gonna fuck ur team up
(01:26 / All) Commodus: no way
(01:32 / All) Commodus: south team rules
(01:34 / All) Ultimatium: for sure
(01:40 / All) Ultimatium: my team will feed and quit
(01:42 / All) Ultimatium: watch them
(07:01 / Allies) Commodus: ?
(07:05 / Allies) Commodus: are they that slow
(08:08 / Allies) Commodus: purp just heal me il tanks
(08:13 / Allies) Commodus: heal plz
(08:15 / Allies) Commodus: ty
(10:53 / Allies) Commodus: fool
(11:01 / Allies) Commodus: lol ks
(11:26 / Allies) Commodus: they are bad
(11:33 / Allies) farm: check out my farms
(12:06 / Allies) Commodus: need web
(12:14 / Allies) Commodus: red has wymns
(12:34 / Allies) Commodus: blue units?
(12:38 / Allies) farm: wood
(13:35 / All) obama-4-prison: too many ud
(13:55 / All) Ultimatium: i had a team who wanted to play this game
(14:02 / All) Ultimatium: its a fucking miracle
(14:10 / All) farm: a team?
(14:13 / All) obama-4-prison: wat
(14:17 / All) obama-4-prison: what does that mean lawl
(14:22 / All) farm: speak english yellow
(15:12 / All) obama-4-prison: disc hack
(15:12 / All) farm: pussies
(15:13 / All) obama-4-prison: lol
(15:18 / All) farm: oh
(15:21 / All) obama-4-prison: someone used hack
(15:22 / All) farm: there was no lag screen or anything
(15:24 / All) farm: they got disced?
(15:24 / All) obama-4-prison: they left exactly at same time
(15:27 / All) obama-4-prison: its instant disc now
(15:29 / All) farm: I heard the new one has no warning
(15:31 / All) farm: wow
(15:39 / All) Musky.Manatee: Real question
(15:42 / All) farm: he paid for private disc hack lmao
(15:44 / All) Musky.Manatee: Why orange have 4k gold an no units
(15:51 / Allies) Commodus: ty for heals
(16:27 / All) Ultimatium: FOR THE FIRST TIME I DO NOT HAVE A SHIT TEAM
(16:29 / All) Ultimatium: ITS A MIRACLE
(16:36 / All) Ultimatium: MY TEAM WANTED TO PLAY THIS GAME
(16:36 / All) farm: You have a disc hacker on your team
(16:37 / All) Musky.Manatee: idk y these morons left
(17:00 / All) Commodus: little late
(17:05 / All) Ultimatium: for the first time the idiots are on the opposite team
(17:15 / All) Ultimatium: i love it
(17:21 / All) obama-4-prison: yellow why did use disc hack
(17:53 / All) Commodus: well that was fun gg
(20:35 / All) obama-4-prison: sucky muh dicky pruple
(20:48 / All) jkjkhb785674: HOW DID U GET SO GOOD
(21:24 / Allies) Commodus: y
(21:28 / Allies) farm: disc hacker must die
(21:39 / Allies) Commodus: lol hacker?
(21:40 / All) Ultimatium: and of course a teamkiller
(21:54 / All) farm: Don't hack if you don't want tked
(21:57 / All) jkjkhb785674: I THOUGHT BLUE WAS ENEMY LOL
(22:06 / Allies) Commodus: lamo
(22:08 / All) jkjkhb785674: WHO HACKS
(22:14 / Allies) Commodus: i huess i do
(22:15 / All) farm: Someone on our team
(22:16 / Allies) Commodus: guess
(22:52 / Allies) Commodus: aw u killed all my acs
(23:38 / All) Commodus: lmao some1 beat u to it oj
(24:46 / Allies) Commodus: i miss my base
(27:50 / Allies) Commodus: youre the worst kind of person
(27:57 / Allies) farm: hackers in ancient games are
(28:53 / All) Commodus: can u leave plz
(28:58 / All) obama-4-prison: k
(30:07 / All) Ultimatium: lol this kid is trying so hard to teamkill
(30:14 / All) farm: leave
(30:14 / All) Ultimatium: putting so much effort into it
(30:16 / All) obama-4-prison: leave then if u dont like it
(31:03 / All) Commodus: i hate how retarded this game gets